 Dungeon Crawl Stone Soup version 0.30.1-9-gdf580d7c3d (webtiles) character file.

Game seed: 11881664633259265419

561395 Ivernyr the Swordmaster (level 27, -2/235 HPs)
             Began as a Formicid Fighter on Oct 12, 2023.
             Was a High Priest of Wu Jian.
             Slain by a rockslime (27 damage)
             ... created by the Royal Jelly
             ... on level 5 of the Pits of Slime on Oct 14, 2023.
             The game lasted 03:57:21 (64580 turns).

Ivernyr the Swordmaster (Formicid Fighter)         Turns: 64580, Time: 03:57:21

Health: -2/235     AC: 44    Str: 18    XL:     27
Magic:  20/20      EV: 28    Int: 11    God:    Wu Jian [*****.]
Gold:   6537       SH: 39    Dex: 19    Spells: 26/26 levels left

rFire   + + +        i - +5 great sword (flame)
rCold   + + +        c - +8 tower shield
rNeg    + . .        N - +15 Maxwell's patent armour {-Cast -Tele rElec Will+ rCorr}
rPois   .            (helmet unavailable)
rElec   +            W - +4 dragonskin cloak
rCorr   +            x - +1 pair of gloves of Divine Compulsion {Will++}
SInv    +            v - +2 pair of boots
Will    +++++        w - amulet of reflection Stlth
                     F - ring of Guddetu {rC+ rN+ EV+5 Stlth+}
HPRegen 0.59/turn    V - ring of Finality {+Blink rElec rF+++ rC+ Dex-4}
MPRegen 0.17/turn

%: no spellcasting, reflection
@: corroded, in a heavenly storm, glowing
A: permanent stasis, dig shafts and tunnels, antennae 3, four strong arms, cold
resistance 1, low MP 1, screaming 1, weak 2
}: 3/15 runes: decaying, silver, gossamer
a: Dig, Shaft Self, Renounce Religion, Wall Jump, Serpent's Lash, Heavenly Storm


You were on level 5 of the Pits of Slime.
You worshipped Wu Jian.
Wu Jian was extremely pleased with you.
You visited 11 branches of the dungeon, and saw 52 of its levels.
You also visited: Ossuary, Volcano and Desolation.

You collected 8118 gold pieces.
You spent 1581 gold pieces at shops.

Inventory:

Hand Weapons
 i - a +5 great sword of flaming (weapon)
 D - a +1 great sword of holy wrath
Armour
 c - a +8 tower shield (worn)
 d - the +8 plate armour of the Eternal Fruit {rPois Dex+3}
   (You found it in the Desolation of Salt)

   Dex:       It affects your dexterity (+3).
   rPois:     It protects you from poison.
 v - a +2 pair of boots (worn)
 x - the +1 pair of gloves of Divine Compulsion (worn) {Will++}
   (You bought it in a shop on level 1 of the Elven Halls)

   Will:      It greatly increases your willpower.
 G - +0 gold dragon scales
 K - the +1 pair of boots of the Hall of Blades {+Blink rF- rN+}
   (You found it on level 1 of the Vaults)

   rF:        It makes you vulnerable to fire.
   rN:        It protects you from negative energy.
   +Blink:    It lets you blink.
 N - the +15 Maxwell's patent armour (worn) {-Cast -Tele rElec Will+ rCorr}
   (You found it on level 9 of the Dungeon)

   rElec:     It insulates you from electricity.
   -Cast:     It prevents spellcasting.
   -Tele:     It prevents most forms of teleportation.
   rCorr:     It protects you from acid and corrosion.
   Will:      It increases your willpower.
 W - the +4 dragonskin cloak (worn)
   (You took it off Tiamat on level 2 of the Realm of Zot)

   Avatar's Aegis: It grants the wearer a chance to resist fire, cold, poison,
   electricity, acid, and negative energy.
Jewellery
 h - the ring of Bousabry {rN+ Will- Str+6 Int+3 Dex+4}
   (You found it in the Desolation of Salt)

   [ring of strength]

   Str:       It affects your strength (+6).
   Int:       It affects your intelligence (+3).
   Dex:       It affects your dexterity (+4).
   rN:        It protects you from negative energy.
   Will:      It decreases your willpower.
 t - a ring of poison resistance
 w - an amulet of reflection (around neck)
 F - the ring of Guddetu (left hand) {rC+ rN+ EV+5 Stlth+}
   (You found it on level 1 of the Vaults)

   [ring of evasion]

   EV:        It affects your evasion (+5).
   rC:        It protects you from cold.
   rN:        It protects you from negative energy.
   Stlth:     It makes you more stealthy.
 P - a ring of flight
 S - a ring of protection from cold
 V - the ring of Finality (right hand) {+Blink rElec rF+++ rC+ Dex-4}
   (You took it off a deep elf sorcerer on level 3 of the Elven Halls)

   [ring of protection from cold]

   Dex:       It affects your dexterity (-4).
   rF:        It renders you almost immune to fire.
   rC:        It protects you from cold.
   rElec:     It insulates you from electricity.
   +Blink:    It lets you blink.
 X - a ring of protection from cold
Wands
 k - a wand of polymorph (12)
 E - a wand of roots (53)
 I - a wand of mindburst (33)
 J - a wand of digging (15)
 M - a wand of paralysis (42)
 Q - a wand of quicksilver (31)
 R - a wand of flame (165)
Scrolls
 b - 3 scrolls of brand weapon
 f - 3 scrolls of magic mapping
 m - 7 scrolls of enchant armour
 n - 5 scrolls of poison
 p - 13 scrolls of fog
 q - 14 scrolls of amnesia
 r - 9 scrolls of fear
 u - 4 scrolls of enchant weapon
 z - 40 scrolls of identify
 O - 4 scrolls of silence
 U - 2 scrolls of summoning
Potions
 e - 17 potions of curing
 g - 3 potions of heal wounds
 j - 13 potions of brilliance
 l - 6 potions of magic
 o - a potion of resistance
 s - 17 potions of ambrosia
 A - 2 potions of invisibility
 B - 9 potions of mutation
 H - 8 potions of flight
 T - 3 potions of cancellation


   Skills:
 + Level 23.0 Fighting
 O Level 27 Long Blades
 + Level 23.0 Armour
 + Level 15.0 Dodging
 + Level 26.8 Shields


You had 26 spell levels left.
You didn't know any spells.
Your spell library contained the following spells:

 Spells                   Type           Power      Damage    Failure   Level
 Apportation              Tloc           0%         N/A       94%         1
 Beastly Appendage        Tmut           0%         N/A       94%         1
 Foxfire                  Conj/Fire      0%         2x1d4     94%         1
 Freeze                   Ice            0%         1d3       94%         1
 Kiss of Death            Conj/Necr      0%         2d5       94%         1
 Magic Dart               Conj           0%         1d3       94%         1
 Necrotise                Necr           0%         1d4       94%         1
 Sandblast                Erth           0%         2d4       94%         1
 Shock                    Conj/Air       0%         1d3       94%         1
 Summon Small Mammal      Summ           0%         N/A       94%         1
 Cigotuvi's Dreadful Rot  Necr/Pois/Air  0%         N/A       98%         2
 Ensorcelled Hibernation  Hex/Ice        0%         N/A       98%         2
 Lesser Beckoning         Tloc           0%         N/A       98%         2
 Momentum Strike          Conj/Tloc      0%         3d8       98%         2
 Passwall                 Tmut/Erth      0%         N/A       98%         2
 Poisonous Vapours        Pois/Air       0%         N/A       98%         2
 Static Discharge         Conj/Air       0%         2-2/arc   98%         2
 Sublimation of Blood     Necr           0%         N/A       98%         2
 Wereblood                Tmut           0%         N/A       98%         2
 Call Canine Familiar     Summ           0%         N/A       100%        3
 Confusing Touch          Hex            0%         N/A       100%        3
 Frozen Ramparts          Ice            0%         1d1       100%        3
 Gell's Gravitas          Tloc           0%         N/A       100%        3
 Hailstorm                Conj/Ice       0%         3d3       100%        3
 Ignite Poison            Fire/Tmut/Pois 0%         N/A       100%        3
 Inner Flame              Hex/Fire       0%         N/A       100%        3
 Mephitic Cloud           Conj/Pois/Air  0%         N/A       100%        3
 Portal Projectile        Hex/Tloc       0%         N/A       100%        3
 Spider Form              Tmut/Pois      0%         N/A       100%        3
 Stone Arrow              Conj/Erth      0%         3d7       100%        3
 Summon Guardian Golem    Hex/Summ       0%         N/A       100%        3
 Teleport Other           Tloc           0%         N/A       100%        3
 Tukima's Dance           Hex            0%         N/A       100%        3
 Airstrike                Air            0%         2d(0-16)  100%        4
 Anguish                  Hex/Necr       0%         N/A       100%        4
 Animate Armour           Summ/Erth      0%         N/A       100%        4
 Cause Fear               Hex            0%         N/A       100%        4
 Dispel Undead            Necr           0%         3d6       100%        4
 Ice Form                 Ice/Tmut       0%         N/A       100%        4
 Manifold Assault         Tloc           0%         N/A       100%        4
 Passage of Golubria      Tloc           0%         N/A       100%        4
 Sticky Flame             Conj/Fire      0%         2d3       100%        4
 Summon Ice Beast         Ice/Summ       0%         N/A       100%        4
 Summon Lightning Spire   Summ/Air       0%         N/A       100%        4
 Alistair's Intoxication  Tmut/Pois      0%         N/A       100%        5
 Arcjolt                  Conj/Air       0%         1d10      100%        5
 Blade Hands              Tmut           0%         N/A       100%        5
 Borgnjor's Vile Clutch   Necr/Erth      0%         N/A       100%        5
 Fireball                 Conj/Fire      0%         3d3       100%        5
 Freezing Cloud           Conj/Ice/Air   0%         6-21      100%        5
 Iskenderun's Battlesphe  Conj           0%         2d6       100%        5
 Metabolic Englaciation   Hex/Ice        0%         N/A       100%        5
 Silence                  Hex/Air        0%         N/A       100%        5
 Summon Forest            Summ/Tloc      0%         N/A       100%        5
 Summon Mana Viper        Hex/Summ       0%         N/A       100%        5
 Yara's Violent Unravell  Hex/Tmut       0%         3d3       100%        5
 Conjure Ball Lightning   Conj/Air       0%         3x3d6     100%        6
 Death Channel            Necr           0%         N/A       100%        6
 Dispersal                Tloc           0%         N/A       100%        6
 Eringya's Noxious Bog    Tmut/Pois      0%         N/A       100%        6
 Iron Shot                Conj/Erth      0%         9d1       100%        6
 Plasma Beam              Fire/Air       0%         2x1d11    100%        6
 Starburst                Conj/Fire      0%         6d3       100%        6
 Summon Cactus Giant      Summ           0%         N/A       100%        6
 Dragon Form              Tmut           0%         N/A       100%        7
 Enfeeble                 Hex            0%         N/A       100%        7
 Malign Gateway           Summ/Tloc      0%         N/A       100%        7
 Orb of Destruction       Conj           0%         9d5       100%        7
 Spellforged Servitor     Conj/Summ      0%         N/A       100%        7
 Storm Form               Tmut/Air       0%         N/A       100%        7
 Summon Hydra             Summ           0%         N/A       100%        7
 Borgnjor's Revivificati  Necr           0%         N/A       100%        8
 Ignition                 Fire           0%         3d3       100%        8
 Lehudib's Crystal Spear  Conj/Erth      0%         10d2      100%        8
 Maxwell's Capacitive Co  Air            0%         ∞         100%        8
 Necromutation            Tmut/Necr      0%         N/A       100%        8
 Death's Door             Necr           0%         N/A       100%        9
 Dragon's Call            Summ           0%         N/A       100%        9
 Polar Vortex             Ice            0%         N/A       100%        9
 Blink                    Tloc           Unusable   N/A       N/A         2
 Vhi's Electric Charge    Tloc/Air       Unusable   N/A       N/A         3

Dungeon Overview and Level Annotations

Branches:
Dungeon (15/15)            Temple (1/1) D:4            Lair (5/5) D:8
  Swamp (4/4) Lair:2       Spider (4/4) Lair:3        Slime (5/5) Lair:4
    Orc (2/2) D:9             Elf (3/3) Orc:2        Vaults (5/5) D:13
  Crypt (0/3) Vaults:2     Depths (4/4) D:15            Zot (4/5) Depths:4
Ossuary (visited)         Volcano (visited)         Desolation (visited)

Altars:
Ashenzari
Cheibriados
Dithmenos
Gozag
Hepliaklqana
Kikubaaqudgha
Makhleb
Nemelex Xobeh
Okawaru
Qazlal
Ru
Sif Muna
Trog
Uskayaw
Vehumet
Wu Jian
Xom
Yredelemnul
Zin
The Shining One
Jiyva

Shops:
D:9 *   D:10 (   D:12 :   D:14 =[*   Orc:1 *   Orc:2 :[!(   Elf:1 [
Vaults:1 !   Vaults:3 !(*   Vaults:4 !

Portals:
Hell: Depths:1 Depths:2 Depths:3 Depths:4
Abyss: Depths:3 Depths:4
Pandemonium: Depths:2
Ziggurat: Depths:4

Annotations:
D:7 4 runed translucent doors
Slime:5 Royal Jelly
Orc:2 1 runed translucent door, Sigmuldom's ghost, journeyman AtFi
Vaults:3 2 transporters, exclusion: orange crystal statue
Zot:2 1 runed translucent door, Toelubet's ghost, veteran CeHu


Innate Abilities, Weirdness & Mutations

You cannot be hasted, slowed, berserked, paralysed or teleported.
You can dig through walls and to a lower floor.
You have a pair of large antennae on your head. (SInv)
Your four strong arms can wield two-handed weapons with a shield.
Your flesh is cold resistant. (rC+)
Your magical capacity is low. (-10% MP)
You occasionally shout uncontrollably at your foes.
You are very weak. (Str -4)


Message History

The rockslime misses you. You block the rockslime's attack.
You block the acid blob's attack. You block the azure jelly's attack. x2
The azure jelly barely misses you. The azure jelly misses you.
The rockslime hits you but does no damage.
You block the rockslime's attack.
You slice the rockslime!!
The rockslime is severely wounded.
You block the rockslime's attack. The rockslime misses you.
The rockslime hits you!
* * * LOW HITPOINT WARNING * * *
You hold your ground!
You block the rockslime's attack. The acid blob spits acid at you.
You block splash of acid... and reflect it back!
The splash of acid hits the acid blob.
The acid blob completely resists.
The azure jelly misses you.
The azure jelly hits you but does no damage.
The azure jelly completely misses you.
The azure jelly hits you but does no damage.
You block the rockslime's attack.
You hit the rockslime.
The rockslime is severely wounded.
You block the rockslime's attack. x3; The rockslime completely misses you.
The acid blob completely misses you.
The rockslime hits you but does no damage.
The azure jelly completely misses you. The azure jelly closely misses you. x2
You block the azure jelly's attack.
You slash the rockslime!
The rockslime is almost dead.
The rockslime barely misses you. The rockslime hits you.
* * * LOW HITPOINT WARNING * * *
You hold your ground!
You block the rockslime's attack. x4
Unknown command.
You hit the rockslime but do no damage.
The rockslime is almost dead.
You block the azure jelly's attack. x2
The azure jelly hits you but does no damage. x2
You block the rockslime's attack. The rockslime hits you!
* * * LOW HITPOINT WARNING * * *
You hold your ground!
The rockslime misses you. The rockslime hits you!!
You die...

##.......................#####
##..........................#.#
#...............☼............##
#§☼§§.....☼§§§§§§☼............#
##☼§☼☼.....☼☼§§☼☼☼☼.............
##§§§☼☼.....☼§☼§☼☼§☼.............
..JJJJ§.....§§§JJ§§§.............
..☼J§§§.....☼°JJJJ§☼.............
..☼☼§{☼.....§°JJ@JJ§.............
..☼§§§§......{JJJJ§☼.............
.☼§{{J§......{JJJ☼§..............
§☼☼{☼§§......#J#.#####...........
§§§§○☼☼....#####.# ##..........
§○☼☼☼§§...## #.. #..........
§§§☼§§§..## ##. ###........
§§☼J☼☼§.## .# ##....... ○.J○§○☼.#
#.......


You could see the Royal Jelly, 4 acid blobs, 5 azure jellies and 7 rockslimes.

Vanquished Creatures
  3 ancient liches
  A dread lich (Vaults:1)
  Tiamat (Zot:2)
  Sojobo (Depths:3)
  Vv (Depths:3)
  Xtahua (Vaults:5)
  Frederick (Depths:4)
  the Lernaean hydra (Swamp:4)
  the Enchantress (D:15)
  Arachne (Spider:2)
  5 golden dragons
  Zenata (Vaults:1)
  13 tentacled monstrosities
  2 electric golems
  3 liches (Vaults:1)
  2 walking earthen tomes (Depths:4)
  4 quicksilver dragons
  4 deep elf master archers
  20 acid blobs
  Asterion (Spider:2)
  The ghost of Mumoesu the Tortoise, an adept AtFi of Wu Jian (Vaults:1)
  A deep elf blademaster (Elf:3)
  3 titans (Vaults:5)
  2 sphinxes
  Frances (D:12)
  2 death cobs
  Agnes (Elf:2)
  9 shadow dragons
  12 tengu reavers
  2 thorn hunters
  2 draconian monks
  2 fenstrider witches
  6 storm dragons
  6 rockslimes
  8 azure jellies
  3 draconian knights
  6 deep elf sorcerers
  7 frost giants
  A balrug (Depths:1)
  10 fire giants
  20 vault wardens
  6 draconian scorchers
  3 ghost moths
  3 emperor scorpions
  2 iron dragons (Vaults:5)
  4 imperial myrmidons (Desolation)
  5 deep elf elementalists
  3 draconian shifters
  An orc warlord (Vaults:2)
  34 ironbound preservers
  4 draconian stormcallers
  2 war gargoyles
  22 stone giants
  3 draconian annihilators
  8 quicksilver oozes
  4 spriggan defenders
  7 ironbound thunderhulks
  9 green draconians
  An elemental wellspring (Depths:3)
  7 broodmothers (Spider:4)
  Nessos (Orc:2)
  5 deep elf demonologists
  An eleionoma (Swamp:2)
  5 bunyips
  19 very ugly things
  6 yellow draconians
  4 vampire knights
  15 purple draconians
  11 black draconians
  3 spark wasps
  6 deep elf annihilators (Elf:3)
  9 red draconians
  8 dire elephants
  8 white draconians
  A halazid warlock (Desolation)
  12 ettins
  An eidolon (Vaults:2)
  2 merfolk javelineers (Depths:1)
  2 crystal guardians
  A merfolk impaler (Depths:1)
  5 entropy weavers
  7 fire dragons
  5 deep elf death magi
  7 deep elf high priests
  4 great orbs of eyes (Vaults:3)
  An ice dragon (shapeshifter) (Vaults:1)
  A shambling mangrove (Swamp:1)
  11 yaktaur captains
  10 ragged hierophants (Desolation)
  43 vault guards
  7 servants of whispers (Desolation)
  5 spriggan air magi
  3 jorogumos
  6 salamander tyrants (Depths:3)
  A catoblepas (D:15)
  16 hydras
  7 ice dragons
  2 rakshasas
  A ghost crab (Swamp:4)
  3 ogre magi
  A radroach (Spider:3)
  9 two-headed ogres
  6 alligators
  11 centaur warriors
  14 peacekeepers
  9 boulder beetles
  7 ironbound frosthearts
  A two-headed ogre (shapeshifter) (Vaults:5)
  3 vampire magi
  29 dancing weapons
  4 death yaks (Lair:5)
  7 deep troll earth magi
  4 deep troll shamans
  An orc high priest (Elf:3)
  22 spriggans
  18 hell knights
  2 soul eaters (Depths:3)
  A sun demon (Depths:1)
  8 spriggan berserkers
  16 deep elf knights
  3 goliath frogs
  7 pharaoh ants
  3 skeletal warriors (D:13)
  A sun moth (Spider:2)
  A death drake (Swamp:4)
  A fire crab (Lair:5)
  3 spriggan druids
  11 iron trolls
  A salamander mystic (Depths:3)
  Lodul (D:10)
  9 orb spiders
  18 deep elf archers
  5 glowing orange brains
  6 lindwurms
  17 swamp dragons
  76 deep trolls
  3 flayed ghosts
  4 bog bodies
  5 phantasmal warriors
  3 steelbarb worms
  3 wizards
  5 harpies (Vaults:1)
  37 deep elf zephyrmancers
  Pikel (D:8)
  37 ugly things
  20 ironbound convokers
  7 necromancers
  40 deep elf pyromancers
  4 orc knights
  12 wolf spiders
  2 shining eyes (Slime:5)
  2 tengu skeletons (Vaults:5)
  3 will-o-the-wisps
  10 cyclopes
  2 manticores (D:14)
  A guardian serpent (Desolation)
  4 salamanders (Depths:3)
  26 vault sentinels
  15 elephants
  A manticore (shapeshifter) (D:13)
  15 moths of wrath
  A demonic crawler (Spider:2)
  2 water nymphs (Depths:3)
  A stone giant skeleton (Vaults:5)
  A molten gargoyle (Desolation)
  6 black mambas
  A torpor snail (Spider:2)
  Maggie (Lair:1)
  2 smoke demons
  3 unseen horrors
  A cane toad (shapeshifter) (Vaults:5)
  14 cane toads
  2 gargoyles
  8 rime drakes
  13 komodo dragons
  14 yaktaurs
  A freezing wraith (Vaults:5)
  3 tengu conjurers
  2 efreet
  A queen bee (Lair:2)
  4 meliai
  A wind drake (shapeshifter) (Depths:4)
  16 trolls
  10 polar bears
  2 raiju (Lair:5)
  8 tyrant leeches
  A merfolk (Depths:3)
  11 tarantellas
  Grinder (D:3)
  19 hornets
  A dream sheep (Lair:5)
  60 saltlings (Desolation)
  20 blink frogs
  94 slime creatures
  A shadow (D:10)
  14 culicivoras
  A spriggan (shapeshifter) (D:15)
  4 air elementals
  25 jumping spiders
  32 yaks
  3 wraiths
  10 water elementals
  A yak (shapeshifter) (Vaults:5)
  10 basilisks
  7 fire bats (Volcano)
  5 fire elementals
  10 wyverns
  A redback (shapeshifter) (Vaults:1)
  A golden eye (Slime:5)
  4 steam dragons (Lair:5)
  15 vampire mosquitoes
  8 wargs
  41 redbacks
  2 acid dragons
  14 swamp worms
  12 water moccasins
  Duvessa (D:5)
  15 hell hounds (Lair:5)
  9 swamp drakes
  10 orc warriors
  A floating eye (Slime:5)
  2 sky beasts
  28 ogres
  16 black bears
  3 ice beasts
  7 boggarts
  24 wolves
  7 centaurs
  3 lemures (D:8)
  4 phantoms
  An elf zombie (Ossuary)
  4 kobold brigands
  6 earth elementals
  19 bullfrogs
  8 scorpions
  2 gnoll sergeants (D:7)
  3 wights (D:7)
  Dowan (D:5)
  16 killer bees
  5 electric eels
  2 centaur zombies (Ossuary)
  10 lava snakes (Volcano)
  2 jellies (D:8)
  4 hounds
  10 orc priests
  9 iguanas
  10 orc wizards
  Terence (D:3)
  2 sleepcaps
  2 mummies (Ossuary)
  Robin (D:2)
  4 gnolls (D:7)
  7 adders
  A shadow imp (D:7)
  A white imp (D:7)
  An ufetubus (D:7)
  2 adder zombies (Ossuary)
  A worm (Lair:3)
  7 dart slugs
  42 orcs
  10 endoplasms
  6 giant cockroaches
  14 goblins
  17 hobgoblins
  6 jackals
  26 kobolds
  A quokka (D:4)
  8 ball pythons
  7 bats
  3 frilled lizards
  A goblin zombie (Ossuary)
  11 hobgoblin zombies (Ossuary)
  2 jackal zombies (Ossuary)
  13 kobold zombies (Ossuary)
  4 orc zombies (Ossuary)
  9 rats
  A rat zombie (Ossuary)
2162 creatures vanquished.

Vanquished Creatures (others)
  A storm dragon (Vaults:5)
  An ironbound preserver (Vaults:5)
  A vault guard (Vaults:5)
  A deep elf knight (Elf:1)
  2 deep elf pyromancers
  A bloated husk (Swamp:1)
  An air elemental (Elf:1)
  A spriggan (Swamp:3)
  A water elemental (Elf:1)
  A swamp worm (Swamp:1)
  An iguana (Lair:5)
  2 orc wizards
  11 foxfires
25 creatures vanquished.

Grand Total: 2187 creatures vanquished

Notes
Turn   | Place    | Note
-------+----------+-------------------------------------------
     0 | D:1      | Ivernyr the Formicid Fighter began the quest for the Orb.
     0 | D:1      | Reached XP level 1. HP: 18/18 MP: 1/1
     0 | D:1      | Noticed a merfolk
     1 | D:1      | Noticed a vampire
     1 | D:1      | Noticed an ogre
     7 | D:1      | Noticed a vampire
     8 | D:1      | Noticed a minotaur
    10 | D:1      | Noticed a demonspawn
    14 | D:1      | Noticed a spriggan
    14 | D:1      | Noticed a dwarf
    16 | D:1      | Noticed a naga
    21 | D:1      | Noticed an elf
   107 | D:1      | Reached XP level 2. HP: 24/24 MP: 2/2
   108 | D:1      | Found a faded altar of an unknown god.
   457 | D:1      | Reached XP level 3. HP: 21/29 MP: 3/3
   952 | D:2      | Reached skill level 3 in Long Blades
   952 | D:2      | Reached XP level 4. HP: 37/37 MP: 4/4
  1006 | D:2      | Found an iron altar of Okawaru.
  1120 | D:2      | Noticed Robin
  1474 | D:2      | Killed Robin
  1475 | D:2      | Reached XP level 5. HP: 42/42 MP: 5/5
  1902 | D:3      | Noticed Terence
  1922 | D:3      | Killed Terence
  2065 | D:3      | Noticed Grinder
  2071 | D:3      | Killed Grinder
  2072 | D:3      | Reached skill level 4 in Long Blades
  2072 | D:3      | Reached skill level 5 in Shields
  2072 | D:3      | Reached XP level 6. HP: 29/49 MP: 6/6
  2183 | D:3      | Reached XP level 7. HP: 39/55 MP: 7/7
  2754 | D:4      | Found a staircase to the Ecumenical Temple.
  2767 | Temple   | Entered the Ecumenical Temple
  2827 | Temple   | Became a worshipper of the Wu Jian Council
  2860 | D:4      | Reached skill level 5 in Long Blades
  2902 | D:4      | Reached skill level 5 in Armour
  2926 | D:4      | Reached skill level 5 in Fighting
  2970 | D:4      | Reached XP level 8. HP: 22/62 MP: 8/8
  3142 | D:4      | Found a sand-covered staircase.
  3151 | Ossuary  | Entered an ossuary
  3256 | Ossuary  | Reached * piety under Wu Jian
  3475 | D:4      | Reached skill level 6 in Long Blades
  3658 | D:5      | Entered Level 5 of the Dungeon
  3678 | D:5      | Reached ** piety under Wu Jian
  4349 | D:5      | Got the Volume of Transfiguration
  4518 | D:5      | Noticed Duvessa
  4518 | D:5      | Noticed Dowan
  4526 | D:5      | Killed Duvessa
  4527 | D:5      | Reached XP level 9. HP: 55/69 MP: 9/9
  4528 | D:5      | Killed Dowan
  4529 | D:5      | Reached skill level 7 in Long Blades
  6057 | D:7      | Reached skill level 8 in Long Blades
  6228 | D:7      | Found a snail-covered altar of Cheibriados.
  6234 | D:7      | Found a broken altar of Ashenzari.
  6292 | D:7      | Identified the +2 robe of Carrim {Rampage rElec Int-4
                  | Archmagi}
  6589 | D:7      | Found a large runed translucent door.
  6589 | D:7      | Found a large runed translucent door.
  6589 | D:7      | Noticed a cyclops
  6609 | D:7      | Reached XP level 10. HP: 64/79 MP: 10/10
  6679 | D:7      | Noticed a gargoyle
  6679 | D:7      | Identified the +8 bardiche "Lifebane" {elec, rC++}
  6687 | D:7      | Found a large runed translucent door.
  6687 | D:7      | Found a large runed translucent door.
  6968 | D:7      | Reached *** piety under Wu Jian
  7234 | D:8      | Reached skill level 9 in Long Blades
  7252 | D:8      | Noticed Pikel
  7268 | D:8      | Killed Pikel
  7401 | D:8      | Found a staircase to the Lair.
  7438 | D:8      | You fall into a shaft and drop 2 floors!
  7438 | D:10     | Entered Level 10 of the Dungeon
  7658 | D:9      | Found a staircase to the Orcish Mines.
  7816 | D:9      | Reached skill level 10 in Long Blades
  7826 | D:9      | Reached skill level 10 in Shields
  7826 | D:9      | Reached XP level 11. HP: 66/87 MP: 11/11
  7888 | D:9      | Found Tiyxotav's General Store.
  7896 | D:9      | Bought a potion of heal wounds for 70 gold pieces
  8954 | D:9      | Found the +15 Maxwell's patent armour {-Cast -Tele rElec
                  | Will+ rCorr}
  9436 | Lair:1   | Entered Level 1 of the Lair of Beasts
  9485 | Lair:1   | Noticed a six-headed hydra
  9522 | D:8      | Reached skill level 11 in Long Blades
  9817 | D:10     | Noticed Lodul
  9836 | D:10     | Killed Lodul
  9859 | D:10     | Reached **** piety under Wu Jian
 10066 | D:10     | Found Nun Ynuwn's Weapon Boutique.
 10090 | D:10     | Reached XP level 12. HP: 96/96 MP: 12/12
 10581 | D:10     | Found a stormy altar of Qazlal.
 10761 | D:11     | Noticed a boulder beetle
 10784 | D:11     | Killed a boulder beetle
 10858 | D:11     | Noticed a boulder beetle
 10889 | D:11     | Killed a boulder beetle
 10890 | D:11     | Reached skill level 12 in Long Blades
 10917 | D:11     | Reached skill level 10 in Armour
 11089 | D:11     | Reached skill level 10 in Fighting
 11559 | D:11     | Identified the +5 ring mail "Zeakaagg" {rElec rC+ Str+3
                  | Int-2 Dex+2}
 11901 | D:12     | Reached skill level 13 in Long Blades
 12325 | D:12     | Found Cothreis's Book Shoppe.
 12458 | D:12     | Reached XP level 13. HP: 102/104 MP: 13/13
 12871 | D:13     | Noticed a vault guard
 12871 | D:13     | Noticed a vault guard
 12871 | D:13     | Noticed a vault guard
 12871 | D:13     | Noticed a vault guard
 12872 | D:13     | Found a gate to the Vaults.
 12872 | D:13     | Noticed a vault guard
 12872 | D:13     | Noticed a vault guard
 12872 | D:13     | Noticed a vault guard
 12910 | D:13     | Killed a vault guard
 12929 | D:13     | Killed a vault guard
 12929 | D:13     | Reached ***** piety under Wu Jian
 12987 | D:13     | Killed a vault guard
 13026 | D:13     | Killed a vault guard
 13046 | D:13     | Killed a vault guard
 13073 | D:13     | Killed a vault guard
 13101 | D:13     | Killed a vault guard
 13102 | D:13     | Reached skill level 14 in Long Blades
 13312 | D:13     | Noticed a vault guard
 13348 | D:13     | Killed a vault guard
 13468 | D:13     | Noticed a six-headed hydra
 13474 | D:13     | Noticed Frances
 13511 | D:12     | Killed Frances
 13617 | D:12     | You fall into a shaft and drop 2 floors!
 13933 | D:14     | Noticed an eight-headed hydra
 14008 | D:14     | You fall into a shaft and drop 1 floor!
 14008 | D:15     | Entered Level 15 of the Dungeon
 14214 | D:15     | Noticed a catoblepas
 14220 | D:15     | Noticed a centaur warrior
 14235 | D:15     | Killed a catoblepas
 14246 | D:15     | Killed a centaur warrior
 14351 | D:15     | Noticed a green very ugly thing
 14364 | D:15     | Noticed a rakshasa
 14423 | D:15     | Killed a white very ugly thing
 14490 | D:15     | Killed a rakshasa
 14756 | D:15     | Reached XP level 14. HP: 114/114 MP: 14/14
 14901 | D:15     | Found a sacrificial altar of Ru.
 15150 | D:14     | You fall into a shaft and drop 1 floor!
 15665 | D:15     | Found a staircase to the Depths.
 16089 | D:14     | Reached skill level 15 in Long Blades
 16403 | D:14     | You fall into a shaft and drop 1 floor!
 16757 | D:14     | Found Mesaug's Changing Room.
 16772 | D:14     | You fall into a shaft and drop 1 floor!
 17284 | D:14     | Found Opedghoty's Armour Shop.
 17692 | D:14     | Found Duceire's Jewellery Emporium.
 19175 | Lair:1   | Noticed Maggie
 19185 | Lair:1   | Killed Maggie
 19186 | Lair:1   | Reached skill level 15 in Shields
 19943 | Lair:2   | Found a staircase to the Swamp.
 19951 | Lair:2   | Reached skill level 16 in Long Blades
 19951 | Lair:2   | Reached XP level 15. HP: 122/122 MP: 15/15
 20516 | Lair:2   | You fall into a shaft and drop 2 floors!
 21507 | Lair:3   | Identified the +3 scale mail of Hableg {rPois Int+3 Dex+3}
 21616 | Lair:3   | Found a hole to the Spider Nest.
 21944 | Lair:4   | Reached ****** piety under Wu Jian
 22243 | Lair:4   | Found a runed translucent door.
 22244 | Lair:4   | Found a viscous altar of Jiyva.
 22244 | Lair:4   | Noticed an azure jelly
 22265 | Lair:4   | Found a staircase to the Slime Pits.
 22820 | Lair:5   | Entered Level 5 of the Lair of Beasts
 23116 | Lair:5   | Reached skill level 17 in Long Blades
 23269 | Lair:5   | Found a dark tunnel.
 23365 | Volcano  | Entered a volcano
 23631 | Volcano  | Noticed a stone giant
 23654 | Volcano  | Killed a stone giant
 23670 | Volcano  | Reached XP level 16. HP: 107/132 MP: 16/16
 23675 | Volcano  | Found a radiant altar of Vehumet.
 25618 | Orc:1    | Entered Level 1 of the Orcish Mines
 25773 | Orc:2    | Entered Level 2 of the Orcish Mines
 25881 | Orc:1    | Found Caetam's Assorted Antiques.
 26287 | Orc:2    | Reached skill level 18 in Long Blades
 26844 | Orc:2    | Noticed Nessos
 26854 | Orc:2    | Killed Nessos
 26914 | Orc:2    | Found Qibitoj's Antique Weapon Emporium.
 26918 | Orc:2    | Found Meihec's Distillery.
 26933 | Orc:2    | Found Qoike's Antique Armour Shoppe.
 27071 | Orc:2    | Found Otsiso Ufiff's Book Emporium.
 27094 | Orc:2    | Found a staircase to the Elven Halls.
 27284 | Orc:2    | Found a runed translucent door.
 27406 | Orc:2    | Noticed Sigmuldom's ghost (journeyman AtFi)
 27455 | Elf:1    | Entered Level 1 of the Elven Halls
 27491 | Elf:1    | Reached XP level 17. HP: 134/140 MP: 17/17
 27935 | Elf:1    | Reached skill level 15 in Fighting
 27935 | Elf:1    | Reached skill level 15 in Armour
 28146 | Elf:1    | Got the Parchment of the Gang and Power
 28211 | Elf:1    | Reached skill level 19 in Long Blades
 28294 | Elf:1    | Identified the +9 morningstar of Zapnigatt {heavy, Str+2
                  | Int+2}
 28734 | Elf:1    | Got the Compendium of Infinity
 28796 | Elf:1    | Found Rezogoff's Armour Shop.
 28804 | Elf:1    | Bought the +1 pair of gloves of Divine Compulsion {Will++}
                  | for 457 gold pieces
 29258 | Elf:1    | Got the Tome of the Burn
 29269 | Elf:1    | Got the Compilation of the Lithosphere
 29276 | Elf:1    | Got Sif Muna's Compilation of Snow
 29526 | Elf:2    | Found a crumbling gateway.
 29537 | Desolati | Entered the Desolation of Salt
 29760 | Desolati | Got Qoewocin's Almanac of the Hornet
 29814 | Desolati | Reached XP level 18. HP: 146/151 MP: 18/18
 29826 | Desolati | Identified the +4 short sword of Defence {freeze, rF- Str+3
                  | Int+2 Stlth+}
 29914 | Desolati | Identified the +7 battleaxe of the Hidden Deaths {elec,
                  | rC++}
 29917 | Desolati | Identified the +8 plate armour of the Eternal Fruit {rPois
                  | Dex+3}
 29921 | Desolati | Identified the ring of Bousabry {rN+ Will- Str+6 Int+3
                  | Dex+4}
 30417 | Desolati | Got the Parchment of Arctic Conjury
 30492 | Desolati | Reached skill level 20 in Long Blades
 30709 | Desolati | Got the Discourse on the Blink Frog
 30728 | Desolati | Got Ileph's Spellbook of the Numb Summer
 30731 | Desolati | Identified the staff of cold "Suzeimn" {rC+ rCorr}
 30799 | Desolati | Identified the ring of Paranoia {Slay+2 SInv}
 31274 | Elf:2    | Noticed Agnes
 31290 | Elf:2    | Killed Agnes
 31358 | Elf:2    | Reached skill level 1 in Dodging
 31836 | Elf:2    | Found a huge runed translucent gate.
 31836 | Elf:2    | Found a huge runed translucent gate.
 31836 | Elf:2    | Found a huge runed translucent gate.
 31837 | Elf:2    | Found a huge runed translucent gate.
 31838 | Elf:2    | Found a huge runed translucent gate.
 32206 | Elf:2    | Reached XP level 19. HP: 133/159 MP: 19/19
 32210 | Elf:2    | Reached skill level 21 in Long Blades
 32490 | Elf:3    | Entered Level 3 of the Elven Halls
 33347 | Elf:3    | Noticed a deep elf blademaster
 33354 | Elf:3    | Killed a deep elf blademaster
 34000 | Elf:3    | Reached skill level 22 in Long Blades
 34005 | Elf:3    | Identified the +1 robe of Siwyuget {rPois rF+ rN+}
 34032 | Elf:3    | Noticed a Brimstone Fiend
 34221 | Elf:3    | Identified the +9 quarterstaff "Voul" {venom, rC+ Dex+2}
 34221 | Elf:3    | Identified the ring of Finality {+Blink rElec rF+++ rC+
                  | Dex-4}
 34553 | Elf:3    | Identified the +0 ice dragon scales of the Griffon {rF-
                  | rC++ Int+2 Dex+4}
 34643 | Elf:3    | Identified the ring "Fexankus" {rF+ rCorr EV+5 Int+6 Dex-3}
 34788 | Elf:3    | Identified the +4 plate armour of Cavikus {Rampage}
 34950 | Elf:3    | Got Wuimi's Octavo of Chilling Changing
 35013 | Elf:3    | Got the Anthology of Unlucky Flesh
 35015 | Elf:3    | Identified the staff of fire "Lisakk" {*Corrode rElec rF+
                  | rC+}
 35022 | Elf:3    | Identified the staff of fire "Caobuguh" {rF+ MP+9}
 35352 | Swamp:1  | Entered Level 1 of the Swamp
 35556 | Swamp:1  | Reached XP level 20. HP: 116/168 MP: 20/20
 35807 | Swamp:1  | Reached skill level 5 in Dodging
 36376 | Swamp:2  | You are sucked into a shaft and drop 1 floor!
 37019 | Swamp:3  | Reached skill level 23 in Long Blades
 37764 | Swamp:4  | Entered Level 4 of the Swamp
 38810 | Swamp:4  | Noticed the 27-headed Lernaean hydra
 38815 | Swamp:4  | Killed the 22-headed Lernaean hydra
 39126 | Swamp:4  | Got a decaying rune of Zot
 39575 | D:14     | Bought a ring of poison resistance for 340 gold pieces
 39824 | Spider:1 | Entered Level 1 of the Spider Nest
 40022 | Spider:1 | Identified the +2 robe of Moral Flaws {Int+3 Dex+4}
 40152 | Spider:1 | Reached XP level 21. HP: 176/176 MP: 21/21
 40482 | Spider:2 | Noticed Arachne
 40505 | Spider:2 | Killed Arachne
 40786 | Spider:2 | Noticed Asterion
 40808 | Spider:2 | Killed Asterion
 41316 | Spider:3 | Identified the +7 dagger of Hasekeov {freeze, rF+ Str-3
                  | Dex+2}
 41513 | Spider:3 | Reached skill level 24 in Long Blades
 41902 | Spider:4 | Entered Level 4 of the Spider Nest
 42440 | Spider:4 | Got a gossamer rune of Zot
 42741 | Vaults:1 | Entered Level 1 of the Vaults
 43073 | Vaults:1 | Found Boywnoig's Distillery.
 43073 | Vaults:1 | Noticed Zenata
 43082 | Vaults:1 | Killed Zenata
 43109 | Vaults:1 | Bought a potion of heal wounds for 90 gold pieces
 43640 | Vaults:1 | Found a runed translucent gate.
 43640 | Vaults:1 | Found a runed translucent gate.
 43640 | Vaults:1 | Found an ancient bone altar of Kikubaaqudgha.
 43640 | Vaults:1 | Noticed an ancient lich
 43640 | Vaults:1 | Noticed Mumoesu's ghost (adept AtFi)
 43641 | Vaults:1 | Found a runed translucent gate.
 43671 | Vaults:1 | Identified the +0 plate armour "Erhiup" {rC- Str+4}
 43712 | Vaults:1 | Reached XP level 22. HP: 154/185 MP: 22/22
 44077 | Vaults:1 | Found a huge runed gate.
 44078 | Vaults:1 | Found a huge runed gate.
 44078 | Vaults:1 | Found a huge runed gate.
 44079 | Vaults:1 | Found a huge runed gate.
 44079 | Vaults:1 | Found a huge runed gate.
 44080 | Vaults:1 | Found a huge runed gate.
 44080 | Vaults:1 | Found a huge runed gate.
 44080 | Vaults:1 | Found a huge runed gate.
 44080 | Vaults:1 | Found a huge runed gate.
 44080 | Vaults:1 | Found a huge runed gate.
 44081 | Vaults:1 | Found a huge runed gate.
 44081 | Vaults:1 | Found a huge runed gate.
 44082 | Vaults:1 | Found a huge runed gate.
 44083 | Vaults:1 | Found a huge runed gate.
 44084 | Vaults:1 | Found a huge runed gate.
 44093 | Vaults:1 | Found a huge runed gate.
 44093 | Vaults:1 | Found a huge runed gate.
 44093 | Vaults:1 | Found a huge runed gate.
 44093 | Vaults:1 | Found a huge runed gate.
 44093 | Vaults:1 | Found a huge runed gate.
 44093 | Vaults:1 | Found a huge runed gate.
 44137 | Vaults:1 | Found a huge runed gate.
 44138 | Vaults:1 | Found a huge runed gate.
 44139 | Vaults:1 | Found a huge runed gate.
 44149 | Vaults:1 | Found a huge runed gate.
 44149 | Vaults:1 | Found a huge runed gate.
 44149 | Vaults:1 | Found a huge runed gate.
 44149 | Vaults:1 | Found a huge runed gate.
 44149 | Vaults:1 | Found a huge runed gate.
 44149 | Vaults:1 | Found a huge runed gate.
 44150 | Vaults:1 | Found a huge runed gate.
 44151 | Vaults:1 | Found a huge runed gate.
 44152 | Vaults:1 | Found a huge runed gate.
 44160 | Vaults:1 | Found a huge runed gate.
 44160 | Vaults:1 | Found a huge runed gate.
 44160 | Vaults:1 | Found a huge runed gate.
 44255 | Vaults:1 | Noticed a dread lich
 44291 | Vaults:1 | Killed a dread lich
 44376 | Vaults:1 | Identified the amulet of Fewink {Harm Rampage Drain +Blink
                  | Regen+}
 44548 | Vaults:1 | Killed an ancient lich
 44559 | Vaults:1 | Killed Mumoesu's ghost
 44574 | Vaults:1 | Identified the ring of Guddetu {rC+ rN+ EV+5 Stlth+}
 44577 | Vaults:1 | Identified the staff of earth "Talaore" {Will+}
 44578 | Vaults:1 | Identified the +1 pair of boots of the Hall of Blades
                  | {+Blink rF- rN+}
 44838 | Vaults:2 | Found a staircase to the Crypt.
 45359 | Vaults:2 | Reached skill level 25 in Long Blades
 46157 | Vaults:3 | Found Kuyvaq's General Store.
 46471 | Vaults:3 | Reached XP level 23. HP: 194/194 MP: 23/23
 46728 | Vaults:3 | Found Iptiegimp's Distillery.
 46736 | Vaults:3 | Bought a potion of heal wounds for 105 gold pieces
 46736 | Vaults:3 | Bought a potion of heal wounds for 105 gold pieces
 46961 | Vaults:3 | Found a transporter.
 47210 | Vaults:3 | Found a transporter.
 47250 | Vaults:3 | Found Addaroub's Antique Weapon Boutique.
 48605 | Vaults:4 | Reached skill level 10 in Dodging
 49124 | Vaults:4 | Found Yguybb's Distillery.
 49138 | Vaults:4 | Bought a potion of resistance for 180 gold pieces
 49138 | Vaults:4 | Bought a potion of heal wounds for 90 gold pieces
 49138 | Vaults:4 | Bought a potion of might for 72 gold pieces
 49138 | Vaults:4 | Bought a potion of might for 72 gold pieces
 49512 | Depths:1 | Entered Level 1 of the Depths
 49512 | Depths:1 | Noticed the Enchantress
 49524 | D:15     | Killed the Enchantress
 49786 | Depths:1 | Reached XP level 24. HP: 133/202 MP: 23/23
 49837 | Depths:1 | Reached skill level 26 in Long Blades
 50307 | Depths:1 | Found a gateway to Hell.
 50366 | Depths:1 | You fall into a shaft and drop 1 floor!
 50447 | Depths:2 | Found a one-way gate leading to the halls of Pandemonium.
 51408 | Depths:3 | Noticed Vv
 51409 | Depths:3 | Found a one-way gate to the infinite horrors of the Abyss.
 51432 | Depths:3 | Killed Vv
 52618 | Depths:3 | Noticed Sojobo
 52658 | Depths:3 | Reached XP level 25. HP: 165/211 MP: 23/23
 52715 | Depths:3 | Killed Sojobo
 53502 | Depths:4 | Entered Level 4 of the Depths
 54023 | Depths:4 | Noticed Frederick
 54038 | Depths:4 | Killed Frederick
 54039 | Depths:4 | Reached skill level 27 in Long Blades
 54073 | Depths:4 | Found a one-way gateway to a ziggurat.
 54307 | Depths:4 | Found an opulent altar of Gozag.
 54589 | Depths:4 | Found a gate to the Realm of Zot.
 55469 | Vaults:5 | Entered Level 5 of the Vaults
 55599 | Vaults:5 | Noticed an ancient lich
 55621 | Vaults:5 | Noticed an ancient lich
 55625 | Vaults:5 | Killed an ancient lich
 55633 | Vaults:5 | Killed an ancient lich
 55649 | Vaults:5 | Reached XP level 26. HP: 71/222 MP: 23/23
 55986 | Vaults:5 | Identified the +9 ice dragon scales of Daffodils {rF- rC++
                  | rN+ MP-9 Str+4 Slay+3}
 55990 | Vaults:5 | Identified the +4 long sword of the Past {antimagic, rN+++
                  | Int+4 Stlth-}
 55993 | Vaults:5 | Identified the +8 quarterstaff of Patience {vamp, rF+}
 56041 | Vaults:5 | Identified the +5 dagger of the Saviour {flame, Int+2}
 56429 | Vaults:5 | Got a silver rune of Zot
 56524 | Vaults:5 | Noticed Xtahua
 56544 | Vaults:5 | Killed Xtahua
 56892 | Vaults:5 | Identified the +1 ring mail of the Devil's Team {rElec
                  | rPois}
 57196 | Vaults:5 | Got the Secrets of Bolts
 57605 | Vaults:5 | Identified the +2 shortbow of Veadaeleegg {antimagic, rElec
                  | Dex+8}
 57982 | Zot:1    | Entered Level 1 of the Realm of Zot
 58186 | Zot:1    | You fall into a shaft and drop 1 floor!
 59017 | Zot:2    | Reached XP level 27. HP: 200/221 MP: 23/23
 59162 | Zot:2    | Found a runed translucent door.
 59163 | Zot:2    | Noticed Toelubet's ghost (veteran CeHu)
 60328 | Zot:3    | Found the +4 dragonskin cloak
 60328 | Zot:3    | Noticed Tiamat
 60485 | Zot:2    | Killed Tiamat
 61477 | Zot:3    | You fall into a shaft and drop 1 floor!
 61544 | Zot:4    | Identified the +4 dagger of Bile {holy, rPois}
 63121 | Slime:1  | Entered Level 1 of the Pits of Slime
 63742 | Slime:5  | Entered Level 5 of the Pits of Slime
 63761 | Slime:5  | Gained mutation: Your flesh is cold resistant. (rC+) [a
                  | shining eye]
 63770 | Slime:5  | Gained mutation: You occasionally shout uncontrollably at
                  | your foes. [a shining eye]
 63801 | Slime:4  | Gained mutation: You are weak. (Str -2) [a shining eye]
 63804 | Slime:4  | Gained mutation: You are very weak. (Str -4) [a shining
                  | eye]
 64141 | Slime:5  | Gained mutation: Your magical capacity is low. (-10% MP) [a
                  | shining eye]
 64145 | Slime:5  | Reached skill level 15 in Dodging
 64223 | Slime:5  | Noticed the Royal Jelly
 64580 | Slime:5  | Slain by a rockslime

Illustrated notes

Levels and vault maps discovered:
D:1:      shiori_arrival_whats_in_store_for_you, layout_loops_ring,
          ebering_ecumenical_altar_sacrificial
D:2:      layout_rooms, basic_altar, amcnicky_mini_pool_small, uniq_robin
D:3:      layout_basic, dk_vineyard_3, dk_noncrumbling_4, minmay_diced_spiral,
          uniq_grinder, uniq_terence
D:4:      layout_rooms, minmay_temple_entry_offerings,
          nicolae_ossuary_entry_monument, st_stairs_3
D:5:      layout_loops_corners, corner_web_ring,
          eino_small_chamber_without_monster, uniq_duvessa
D:6:      layout_cave_pools, minmay_misc_feat_hallway
D:7:      layout_cave_pods, mainiacjoe_overflow_catwalk_spiral,
          minmay_hollow_rounded_squares
D:8:      layout_cave_pools, minmay_lair_entry_grove, uniq_pikel
D:9:      layout_basic, orc_0_dummy, serial_shops,
          nicolae_shop_advertising_works [nicolae_subvault_shop_adworks],
          dreamdust_deal_with_the_devil, chequers_serial_rivers_micro_c,
          minmay_misc_feat_five, kennysheep_generic_room_9
D:10:     layout_loops_ring, kennysheep_mini, serial_shops,
          kennysheep_little_box, chequers_serial_rivers_room_b, uniq_lodul
D:11:     layout_cave_pools, minmay_lindwurm_lava
D:12:     layout_irregular_city, serial_shops, shop
D:13:     kennysheep_six_static_rooms, layout_layer_cave, erik_vaults_2,
          uniq_frances
D:14:     layout_basic, serial_shops, nicolae_shop_tiny_waterfront, shop,
          grunt_decor_clamped, nicolae_transmutations_shop
D:15:     gammafunk_enter_depths_forms, layout_layer_cave,
          nicolae_ru_great_annihilating_truth
Temple:   compressed_dpeg_triangle_lava_temple
Lair:1:   layout_regular_city, serial_forest, infiniplex_forest_straight_1,
          infiniplex_forest_clump_small, infiniplex_forest_zigzag_2,
          infiniplex_forest_straight_2, infiniplex_forest_lined_room_2,
          infiniplex_forest_lined_room_, infiniplex_forest_end_double,
          uniq_maggie
Lair:2:   layout_cave_pods, skrybe_swamp_entry_bodies, special_room
          [special_room_bee], serial_bayou_pond_b, serial_bayou_shore_a
Lair:3:   layout_cave_shapes, nicolae_spider_entry_non_spiders
Lair:4:   layout_loops_ring, slime_entry_2, chequers_serial_rivers_large_b,
          lemuel_fruit_tree, grunt_megastairs_3
Lair:5:   guppyfry_lair_end_dragon, layout_layer_cave,
          hangedman_lair_caniforms_friends, nicolae_volcano_entry_two_sided,
          nicolae_lair_lakeside_cave
Swamp:1:  layout_falls_marsh, evilmike_swamp_ruin_house_5, swamp_pool2,
          infiniplex_staircase_pool_2
Swamp:2:  layout_basic_swamp, evilmike_swamp_ruin_house_4
Swamp:3:  nicolae_swamp_secret_spriggan_hideout, layout_falls_marsh,
          nicolae_swamp_little_tower
Swamp:4:  swamp_old_school, layout_basic_swamp
Spider:1: layout_spider_delve
Spider:2: layout_spider_delve, uniq_arachne, uniq_asterion
Spider:3: nicolae_spider_jumping_over_cracks [nicolae_spider_jumping_sub_empty,
          nicolae_spider_jumping_sub_no_exit, nicolae_spider_jumping_sub_grid,
          nicolae_spider_jumping_sub_plain]
Spider:4: hellmonk_spider_rune_endless_swarm
Slime:1:  layout_caves
Slime:2:  layout_caves
Slime:3:  layout_caves, nicolae_slime_rock_hall_of_fame
Slime:4:  layout_caves, special_room [special_room_jelly]
Slime:5
Orc:1:    layout_diamond_mine, serial_shops, nicolae_square_shop
Orc:2:    st_orc_open, layout_caves, ebering_ghost_reflecting_pool, uniq_nessos
Elf:1:    minmay_the_grid_3x3 [minmay_the_grid_plusring,
          minmay_the_grid_zigzag_pyramid, minmay_the_grid_broken_lines,
          minmay_the_grid_square_x, minmay_the_grid_empty,
          minmay_the_grid_gridbox, minmay_the_grid_garden,
          minmay_the_grid_holed_spiral,
          minmay_the_grid_prize_four_corners_diamond_b], layout_gridlike,
          serial_shops, shop, minmay_elf_sorcery, nicolae_elf_elemental_lessons
Elf:2:    elven_hall_of_blades_hangedman_alternative [nicolae_blade_lattice],
          layout_onion_city, portal_desolation_entry_garden, uniq_agnes
Elf:3:    minmay_elf_hall_dome, layout_gridlike, grunt_megastairs_2
Vaults:1: gammafunk_ghost_crypt, vaults_dpeg_encased_lava,
          ontoclasm_vaults_claustrophobia, ontoclasm_vaults_eye,
          ontoclasm_vaults_tryst, vaults_room_large_hall, door_vault,
          ontoclasm_vaults_spin, nicolae_vaults_storage_closets_1,
          nicolae_vaults_trapezoid_1, nicolae_vaults_trapezoid_2,
          nicolae_vaults_prndl, vaults_room_fours, ontoclasm_vaults_pinch,
          nicolae_vaults_trapezoid_layered, layout_vaults_omnicross,
          serial_shops, nicolae_shop_rolling_square, uniq_zenata
Vaults:2: minmay_crypt_entry_simple_round, hangedman_vaults_variations,
          v_rooms_6, ontoclasm_vaults_ligature, hangedman_vaults_slither,
          nicolae_vaults_trapezoid_1, v_misc_13, nicolae_vaults_network_star,
          nicolae_vaults_cochlea, layout_vaults_maze
Vaults:3: nicolae_vaults_storage_closets_2, nicolae_vaults_ellipses_ellipsis,
          vaults_mumra_hexcomb, gammafunk_sealed_arena,
          nicolae_vaults_turnstiles, v_pattern_4, nicolae_vaults_double_plus_2,
          dpeg_vaults_monster_box, layout_vaults_chaotic_city, serial_shops,
          shop, shop, shop
Vaults:4: hangedman_vaults_nails, nicolae_vaults_tangram_2,
          nicolae_vaults_prndl, nicolae_vaults_sightless_eye,
          nicolae_vaults_closet_pinwheel_3, nicolae_vaults_six-pack, v_misc_27,
          vaults_room_hallway, layout_vaults_quadrants, serial_shops,
          nicolae_diamond_shop
Vaults:5: uniq_xtahua
Depths:1: layout_basic, serial_bayou, serial_bayou_ford_a,
          serial_bayou_lagoon_b, serial_bayou_lagoon_a, serial_bayou_pond_d,
          serial_bayou_pond_d, serial_bayou_pond_c, lightli_too_deep,
          abyss_entry_small_statue_room, drop_trap, slow_altar_2,
          uniq_enchantress
Depths:2: dreamdust_merry_men, layout_honeycomb, pan_entry, hell_entry
Depths:3: nicolae_terramorphic_expanse [nicolae_terramorphic_quarter,
          nicolae_terramorphic_quarter, nicolae_terramorphic_quarter,
          nicolae_terramorphic_quarter, nicolae_terramorphic_quarter,
          nicolae_terramorphic_biome, nicolae_terramorphic_biome,
          nicolae_terramorphic_biome, nicolae_terramorphic_biome],
          layout_gridlike, hellmouth_1, abyss_entry,
          minmay_staircase_statues_hall_small, uniq_vv, uniq_sojobo
Depths:4: grunt_twist_and_shout, layout_cave_shapes, enter_ziggurat_f,
          pf_coc_iceberg, serial_co_window_serial, co_window_corner_a,
          co_window_paths_a, co_window_corner_a, co_window_paths_b,
          co_window_cross_1, co_window_broadway_b, co_window_unsneaky_path_e,
          co_window_broadway_c, co_window_of_opportunity_c, glass_columns_b,
          glass_columns_b, glass_columns_c, grunt_decor_arrowhead,
          abyss_entry_crystal, nicolae_gozag_seed_capital, uniq_frederick
Zot:1:    layout_misc_corridors
Zot:2:    layout_onion, ebering_ghost_inner_flame
Zot:3:    layout_misc_corridors, uniq_tiamat
Zot:4:    layout_onion, lemuel_elevator

Skill      XL: |  1  2  3  4  5  6  7  8  9 10 11 12 13 14 15 16 17 18 19 20 21 22 23 24 25 26 27 |
---------------+----------------------------------------------------------------------------------+-----
Long Blades    | 3 4 5 6 8 10 11 13 14 16 17 18 19 20 22 23 24 25 26 27 | 27.0
Armour         | 4 5 6 7 8 9 10 11 12 13 14 15 16 17 18 19 20 21 22 23 | 23.0
Fighting       | 4 5 6 7 8 9 10 11 12 13 14 15 16 17 18 19 20 21 22 23 | 23.0
Shields        | 5 6 7 8 10 11 12 13 15 16 17 18 19 20 21 22 23 24 25 26 | 26.8
Dodging        | 2 4 6 7 9 10 11 12 13 15 | 15.0

Action                     |  1- 3 |  4- 6 |  7- 9 | 10-12 | 13-15 | 16-18 | 19-21 | 22-24 | 25-27 || total
---------------------------+-------+-------+-------+-------+-------+-------+-------+-------+-------++-------
  Melee: Long sword        |   108 |   128 |       |       |       |       |       |       |       ||   236
         Falchion          |       |    20 |   381 |   684 |   911 |       |       |       |       ||  1996
         Scimitar          |       |       |       |       |   961 |     7 |       |       |       ||   968
         Great sword       |       |       |       |       |       |  1494 |  1576 |  1817 |  2249 ||  7136
 Invoke: Serpent's Lash    |       |       |       |     3 |     8 |     6 |    17 |    14 |    20 ||    68
         Heavenly Storm    |       |       |       |       |       |       |       |     2 |     4 ||     6
Ability: Lunge             |       |       |    17 |    18 |    78 |    90 |   116 |    91 |   110 ||   520
         Dig               |       |       |     1 |     1 |       |       |       |       |       ||     2
         Whirlwind         |       |       |     9 |    37 |   184 |   359 |   234 |   385 |   584 ||  1792
         Shaft Self        |       |       |       |     1 |     5 |       |     1 |       |     1 ||     8
         Wall Jump         |       |       |       |       |     1 |     1 |     2 |     6 |     1 ||    11
    Use: Scroll            |       |       |       |    14 |     9 |     5 |     5 |     6 |       ||    39
         Potion            |       |       |       |     2 |     1 |     6 |     2 |     1 |    21 ||    33
   Stab: Sleeping          |       |       |       |     1 |       |       |       |       |       ||     1
         Paralysed         |       |       |       |       |     1 |       |       |       |       ||     1
         Invisible         |       |       |       |       |       |       |       |       |     2 ||     2
         Confused          |       |       |       |       |       |       |       |       |     1 ||     1
 Armour: Scale mail        |    63 |    96 |   101 |       |       |       |       |       |       ||   260
         Leather armour    |       |       |    39 |    66 |       |       |       |       |       ||   105
         Plate armour      |       |       |       |   234 |   870 |   620 |   394 |   254 |   561 ||  2933
  Dodge: Dodged            |    64 |    84 |   141 |   132 |   264 |   231 |   292 |   283 |   619 ||  2110
  Block: Buckler           |    30 |    48 |   217 |       |       |       |       |       |       ||   295
         Kite shield       |       |       |    32 |   529 |  1316 |  1221 |   470 |       |       ||  3568
         Reflection        |       |       |     8 |    12 |    41 |    45 |    54 |    74 |    67 ||   301
         Tower shield      |       |       |       |       |       |       |   980 |  1607 |  2417 ||  5004
